 Dungeon Crawl Stone Soup version 0.21-a0-237-g87df72b (webtiles) character file.

81 Hocus the Ruffian (level 4, -2/35 HPs)
             Began as a Draconian Transmuter on Sept 2, 2017.
             Slain by a gnoll
             ... wielding a +0 club
              (8 damage)
             ... on level 2 of the Dungeon.
             The game lasted 00:03:47 (1815 turns).

Hocus the Ruffian (Draconian Transmuter)            Turns: 1815, Time: 00:03:48

Health: -2/35      AC:  6    Str: 13    XL:     4   Next: 19%
Magic:  7/7        EV: 12    Int: 13    God:
Gold:   92         SH:  0    Dex: 12    Spells: 4/7 levels left

rFire    . . .     SeeInvis .     - Unarmed
rCold    . . .     Gourm    .   (no shield)
rNeg     . . .     Faith    +   (armour unavailable)
rPois    .         Spirit   .   (helmet restricted)
rElec    .         Reflect  .   (no cloak)
rCorr    .         Harm     .   l - +0 pair of gloves
MR       .....                  (no boots)
Stlth    +.........             k - amulet of faith
HPRegen  0.11/turn              (no ring)
MPRegen  0.10/turn              (no ring)

@: no status effects
A: unfitting armour, cold-blooded, AC +5
a: no special abilities


You were on level 2 of the Dungeon.
You were not hungry.

You visited 1 branch of the dungeon, and saw 3 of its levels.

You collected 92 gold pieces.

Inventory:

Missiles
 a - 23 arrows
Armour
 l - a +0 pair of gloves (worn)
Jewellery
 k - an amulet of faith (around neck)
Scrolls
 d - a scroll of noise {unknown}
 e - 3 scrolls of identify {unknown}
 f - 2 scrolls of remove curse {unknown}
 g - a scroll of enchant armour {unknown}
 i - a scroll of teleportation {unknown}
 m - a scroll of enchant weapon {unknown}
Potions
 j - 2 potions of ambrosia {unknown}
 n - a potion of degeneration {unknown}
Books
 b - a book of Changes

   Spells                             Type                      Level
   a - Beastly Appendage              Transmutation                1
   b - Sticks to Snakes               Transmutation                2
   c - Spider Form                    Transmutation/Poison         3
   d - Ice Form                       Ice/Transmutation            4
   e - Blade Hands                    Transmutation                5
Comestibles
 c - 3 bread rations
 h - 2 royal jellies


   Skills:
 - Level 1.1 Fighting
 - Level 1.7 Dodging
 + Level 5.1 Unarmed Combat
 - Level 2.0 Spellcasting
 - Level 2.0 Transmutations


You had 4 spell levels left.
You knew the following spells:

 Your Spells              Type           Power        Failure   Level  Hunger
a - Beastly Appendage     Tmut           #.....       11%         1    ##.....
b - Sticks to Snakes      Tmut           #.......     17%         2    ###....


Dungeon Overview and Level Annotations

Branches:
Dungeon (3/15)

Altars:


Innate Abilities, Weirdness & Mutations

Your plain brown scales are hard. (AC +5)
You cannot fit into any form of body armour.
You are cold-blooded and may be slowed by cold attacks.


Message History

The gnoll is almost dead.
The gnoll misses you.
You hit the gnoll.
You kill the gnoll!
Your Unarmed Combat skill increases to level 5!
The gnoll barely misses you.
You hit the gnoll.
The gnoll is lightly wounded.
The gnoll closely misses you.
You closely miss the gnoll. You claw the gnoll!
The gnoll is severely wounded.
Your talons disappear.
The gnoll closely misses you.
You hit the gnoll.
Your tail-slap misses the gnoll.
The gnoll is almost dead.
The gnoll barely misses you.
You barely miss the gnoll.
The gnoll is almost dead.
The gnoll hits you with a club!
You die...

.# #.##..#.# #.. .# #.###.#.#
######## #.. .# #.# #.#.#
#......# #.. .#
#.###...###.####.# #.. .#
#.##..........##.# #.. .#
#.##.#..###.#.##.# #.. .#
#.##.#..# #.#.##.#####.. .#
#.##.#.g# #†#.##..†..... .#
#.##.##@# #.#.##########
.#########.##.##)# #.#...........
............#.##.# #.############
#############.##.###.#...........
...[..........##.....#...........
#################################
.......#.........................
######.##.#######################
# #.##.#


You could see a gnoll.

Vanquished Creatures
  3 gnolls (D:2)
  An adder (D:2)
  A leopard gecko (D:2)
  A ball python (D:1)
  4 giant cockroaches
  8 goblins
  9 hobgoblins
  3 kobolds
  7 bats
  2 frilled lizards
  2 rats
41 creatures vanquished.

Notes
Turn   | Place    | Note
-------+----------+-------------------------------------------
     0 | D:1      | Hocus the Draconian Transmuter began the quest for the Orb.
     0 | D:1      | Reached XP level 1. HP: 16/16 MP: 3/3
    70 | D:1      | Reached XP level 2. HP: 9/23 MP: 5/5
   404 | D:1      | Reached skill level 4 in Unarmed Combat
   907 | D:1      | Learned a level 2 spell: Sticks to Snakes
  1045 | D:2      | Reached XP level 3. HP: 28/28 MP: 6/6
  1604 | D:2      | Reached XP level 4. HP: 18/35 MP: 5/7
  1811 | D:2      | Reached skill level 5 in Unarmed Combat
  1815 | D:2      | Slain by a gnoll

Vault maps used:
D:1:      ncdulo_wetmaze
D:3:      minitemple, gammafunk_temple_overflow_elements, first_bread,
          bh_walls_and_bars

Skill      XL: |  1  2  3  4 |
---------------+-------------+-----
Unarmed Combat | 4 5 |  5.1
Fighting       | |  1.1
Dodging        | |  1.7
Spellcasting   | |  2.0
Transmutations | |  2.0

Action                   |  1- 3 |  4- 6 || total
-------------------------+-------+-------++-------
Melee: Unarmed           |   149 |    15 ||   164
       Tailslap          |     3 |     2 ||     5
       Punch             |     1 |       ||     1
       Kick              |       |     2 ||     2
 Cast: Beastly Appendage |     2 |     1 ||     3
 Stab: Sleeping          |     1 |       ||     1
  Eat: Chunk             |     2 |     1 ||     3
Armor: Skin              |    35 |       ||    35
Dodge: Dodged            |    93 |    16 ||   109

Table legend:
 A = Spawn XP
 B = Non-spawn XP
 C = Spawn XP percentage of total XP
 D = Spawn monster count
 E = Non-spawn monster count
 F = Spawn count percentage of total count
 G = Total turns spent on level
                    A         B        C        D         E        F      G
               +---------+---------+-------+---------+---------+-------+---------
         Total |       2 |     114 |   1.7 |       2 |      39 |   4.9 |  1815
               +---------+---------+-------+---------+---------+-------+---------
           D:1 |       2 |      38 |   5.0 |       2 |      22 |   8.3 |  1019
           D:2 |       0 |      74 |   0.0 |       0 |      16 |   0.0 |   655
           D:3 |       0 |       2 |   0.0 |       0 |       1 |   0.0 |   141
               +---------+---------+-------+---------+---------+-------+---------
